Predators vs Red Wings
Created - 16 mars 2017 at 21:39
Goals
|
Predators |
2 |
1 |
1 |
4 |
Red Wings |
1 |
1 |
1 |
3 |
|
Shots
|
Predators |
9 |
17 |
4 |
30 |
Red Wings |
9 |
14 |
11 |
34 |
|
1st period
1. Predators , Niclas Bergfors 27 (Alexander Ovechkin, Alexander Edler) at 3:50 (PP)
2. Red Wings , Sean Bergenheim 17 (Tyler Johnson, Steve Downie) at 9:55 (PP)
3. Predators , James Van Riemsdyk 9 (Alexander Edler, Mikael Granlund) at 11:46
Penalties :
Phil Kessel (Det) for Diving (Minor) at 3:45, Shea Weber (Det) for Hooking (Minor) at 5:16, Alexander Edler (Nas) for Roughing (Minor) at 8:31, Byron Bitz (Nas) for Interference (Minor) at 15:25, Tomas Plekanec (Det) for Boarding (Minor) at 19:35
2nd period
4. Predators , Barret Jackman 1 (Mikael Granlund, James Van Riemsdyk) at 12:03
5. Red Wings , Rick Nash 46 (Mike Richards, Phil Kessel) at 17:35
Penalties :
Brendan Gallagher (Nas) for Cross-checking (Minor) at 1:47, Phil Kessel (Det) for Tripping (Minor) at 19:14
3rd period
6. Predators , Mikael Granlund 2 (James Van Riemsdyk, John Moore) at 16:26
7. Red Wings , Alex Picard 6 (Ales Hemsky, Ole-Kristian Tollefsen) at 17:12
Penalties :
Alexander Edler (Nas) for Hooking (Minor) at 0:28, John Moore (Nas) for Interference (Minor) at 17:46
Goalie Stats
Viktor Fasth (Nas), 31 saves from 34 shots - (0,912), W, 20-9-1, 60:00 minutes
Michal Neuvirth (Det), 26 saves from 30 shots - (0,867), L, 27-17-7, 59:07 minutes
Players Stats for Predators
Player Name G A P +/- PIM S H SB GA TA FO MP PP MP PK MP
------------------------------------------------------------------------------------
Alexander Edler 0 2 2 -1 4 4 1 2 0 2 0/0 27:12 3:05 3:38
Alexander Ovechkin 0 1 1 0 0 2 1 0 0 2 0/1 20:35 2:52 1:22
Alexander Steen 0 0 0 -2 0 2 0 0 0 0 0/0 13:30 2:25 0:28
Andy Miele 0 0 0 0 0 1 0 1 1 0 1/2 7:59 0:00 0:00
Barret Jackman 1 0 1 1 0 3 1 0 1 0 0/0 13:42 2:11 0:00
Brendan Gallagher 0 0 0 0 2 1 1 0 0 0 0/0 7:52 0:00 0:00
Brett Clark 0 0 0 1 0 0 0 0 0 1 0/0 13:25 0:00 3:01
Byron Bitz 0 0 0 -2 2 2 0 0 1 0 2/2 18:39 2:25 3:51
Christian Ehrhoff 0 0 0 1 0 0 4 2 0 2 0/0 19:04 2:11 0:57
Frans Nielsen 0 0 0 0 0 1 0 0 0 0 6/16 17:40 0:00 2:17
James Van Riemsdyk 1 2 3 3 0 1 0 0 2 0 0/0 9:55 0:00 0:00
John Moore 0 1 1 0 2 4 0 0 0 2 0/0 19:08 0:00 4:00
Mikael Granlund 1 2 3 3 0 1 1 0 0 1 8/13 14:15 2:52 1:01
Niclas Bergfors 1 0 1 0 0 4 0 0 2 1 2/2 18:49 2:52 0:00
Ryan Kesler 0 0 0 -2 0 3 1 1 0 1 6/20 19:29 2:25 5:01
Ryan Mcdonagh 0 0 0 0 0 1 2 1 1 2 0/0 28:20 3:06 5:34
Shane Doan 0 0 0 3 0 0 1 1 0 0 0/0 9:52 0:00 0:00
Steve Begin 0 0 0 0 0 0 1 0 1 0 0/0 11:09 0:00 3:10
Players Stats for Red Wings
Player Name G A P +/- PIM S H SB GA TA FO MP PP MP PK MP
------------------------------------------------------------------------------------
Ales Hemsky 0 1 1 1 0 1 1 0 0 0 0/1 11:03 0:00 0:00
Alex Picard 1 0 1 1 0 2 1 0 0 0 0/2 11:25 0:00 0:04
Chris Campoli 0 0 0 0 0 1 0 0 1 0 0/0 12:22 0:00 0:25
Filip Kuba 0 0 0 -1 0 3 1 1 0 1 0/0 21:07 3:42 2:44
Mike Brown 0 0 0 -1 0 0 0 0 0 0 0/0 8:15 0:00 0:20
Mike Richards 0 1 1 0 0 4 1 0 0 0 17/28 21:51 4:40 0:00
Nate Thompson 0 0 0 -1 0 0 1 0 3 0 1/1 7:37 0:00 0:00
Ole-Kristian Tollefsen 0 1 1 0 0 2 1 1 2 2 0/0 27:05 4:53 2:59
Phil Kessel 0 1 1 0 4 0 1 0 1 0 2/2 21:04 4:40 0:00
Rick Nash 1 0 1 0 0 4 2 0 2 0 1/3 23:54 4:40 2:03
Rickard Wallin 0 0 0 -1 0 4 1 0 1 0 2/3 9:56 0:00 2:19
Sean Bergenheim 1 0 1 -1 0 2 1 0 1 0 0/0 14:11 3:55 0:00
Shea Weber 0 0 0 0 2 3 1 1 1 1 0/0 25:17 4:53 0:45
Stephane Robidas 0 0 0 -1 0 1 1 2 0 1 0/0 19:48 3:42 1:08
Steve Downie 0 1 1 -1 0 1 2 0 0 2 0/1 16:48 3:55 2:54
Tim Ramholt 0 0 0 0 0 0 1 1 0 2 0/0 14:20 0:00 2:33
Tomas Plekanec 0 0 0 1 2 3 0 0 1 0 1/4 11:03 0:00 0:00
Tyler Johnson 0 1 1 -1 0 3 1 1 1 0 7/11 16:48 3:55 2:54
3 Stars
1 - Mikael Granlund (Nas)
2 - James Van Riemsdyk (Nas)
3 - Alex Picard (Det)
Power Play
Predators - 1 on 4 Attempt(s) - 25,00%
Red Wings - 1 on 5 Attempt(s) - 20,00%
Penalty Kill
Predators - 4 on 5 Attempt(s) - 80,00%
- Score 0 goal in Penalty Kill
Red Wings - 3 on 4 Attempt(s) - 75,00%
- Score 0 goal in Penalty Kill
Team Stat
Predators - Hits : 14 - Faceoff Wins : 25 - Blocked Shots : 8 - Penalty Minutes : 10
Red Wings - Hits : 17 - Faceoff Wins : 31 - Blocked Shots : 7 - Penalty Minutes : 8
Official
Referees : Pochmara Brian and StLaurent Francois
Linesman : Scott Cherrey and Bryan Pancich
Game Notes
No Game Note
Finance
Level 1 -- Attendance: 5402 (90,03%) -- Ticket Income 405 150 $
Level 2 -- Attendance: 4427 (88,54%) -- Ticket Income 212 496 $
Level 3 -- Attendance: 1898 (94,90%) -- Ticket Income 53 144 $
Level 4 -- Attendance: 4000 (100,00%) -- Ticket Income 80 000 $
Luxury Box -- Attendance: 884 (88,40%) -- Ticket Income 137 020 $
Game was played at the Joe Louis Arena.
Total Attendance: 16611 (92,28%)
Total Ticket Income: 887 810 $
Other Income: 133 172 $
Total Income: 1 020 982 $
Predators
5 vs 5 Forward
Center Left Wing Right Wing Time % Phy DF OF
1 Frans Nielsen Alexander Ovechkin Niclas Bergfors 40 1 1 3
2 Ryan Kesler Alexander Steen Byron Bitz 30 1 2 2
3 Mikael Granlund James Van Riemsdyk Shane Doan 20 1 2 2
4 Andy Miele Steve Begin Brendan Gallagher 10 1 2 2
5 vs 5 Defense
Defense Defense Time % Phy DF OF
1 Alexander Edler Ryan Mcdonagh 40 1 2 2
2 Christian Ehrhoff John Moore 30 1 2 2
3 Barret Jackman Brett Clark 20 1 2 2
4 Alexander Edler John Moore 10 1 2 2
PowerPlay Forward
Center Left Wing Right Wing Time % Phy DF OF
1 Mikael Granlund Alexander Ovechkin Niclas Bergfors 60 1 0 4
2 Ryan Kesler Alexander Steen Byron Bitz 40 1 0 4
PowerPlay Defense
Defense Defense Time % Phy DF OF
1 Alexander Edler Ryan Mcdonagh 60 1 1 3
2 Christian Ehrhoff Barret Jackman 40 0 1 4
Penalty Kill 4 Players Forward
Center Wing Time % Phy DF OF
1 Ryan Kesler Byron Bitz 60 1 2 2
2 Frans Nielsen Steve Begin 40 1 2 2
Penalty Kill 4 Players Defense
Defense Defense Time % Phy DF OF
1 Alexander Edler Ryan Mcdonagh 60 1 1 3
2 Brett Clark John Moore 40 1 1 3
Penalty Kill - 3 Players Forward
Forward Time % Phy DF OF
1 Byron Bitz 60 2 3 0
2 Frans Nielsen 40 1 3 1
Penalty Kill - 3 Players Defense
Defense Defense Time % Phy DF OF
1 Alexander Edler Ryan Mcdonagh 60 1 1 3
2 Brett Clark John Moore 40 1 1 3
4 vs 4 Forward
Center Wing Time % Phy DF OF
1 Alexander Ovechkin Niclas Bergfors 60 1 2 2
2 Ryan Kesler Byron Bitz 40 1 2 2
4 vs 4 Defense
Defense Defense Time % Phy DF OF
1 Alexander Edler Ryan Mcdonagh 60 1 2 2
2 Barret Jackman John Moore 40 1 2 2
Last Minutes Offensive
Center Left Wing Right Wing Defense Defense
Ryan Kesler Alexander Ovechkin Byron Bitz Alexander Edler Ryan Mcdonagh
Last Minutes Defensive
Center Left Wing Right Wing Defense Defense
Frans Nielsen Alexander Ovechkin Byron Bitz Ryan Mcdonagh Brett Clark
Goaltenders
Starting : Viktor Fasth
Backup : Maxime Daigneault
Extra Forwards
Normal : Mikael Granlund, James Van Riemsdyk, Andy Miele - PP : Mikael Granlund, James Van Riemsdyk - PK : Steve Begin
Extra Defensemen
Normal : Barret Jackman, Alexander Edler, John Moore - PP : Christian Ehrhoff - PK : John Moore, Christian Ehrhoff
Penalty Shots
Alexander Ovechkin, Niclas Bergfors, Ryan Kesler, Andy Miele, Alexander Steen
Red Wings
5 vs 5 Forward
Center Left Wing Right Wing Time % Phy DF OF
1 Mike Richards Rick Nash Phil Kessel 40 0 2 3
2 Tyler Johnson Sean Bergenheim Steve Downie 30 0 3 2
3 Tomas Plekanec Alex Picard Ales Hemsky 20 0 3 2
4 Rickard Wallin Nate Thompson Mike Brown 10 1 2 2
5 vs 5 Defense
Defense Defense Time % Phy DF OF
1 Shea Weber Ole-Kristian Tollefsen 40 0 3 2
2 Stephane Robidas Filip Kuba 35 0 3 2
3 Chris Campoli Tim Ramholt 15 1 3 1
4 Chris Campoli Tim Ramholt 10 1 3 1
PowerPlay Forward
Center Left Wing Right Wing Time % Phy DF OF
1 Mike Richards Rick Nash Phil Kessel 60 0 1 4
2 Tyler Johnson Sean Bergenheim Steve Downie 40 0 1 4
PowerPlay Defense
Defense Defense Time % Phy DF OF
1 Shea Weber Ole-Kristian Tollefsen 60 0 2 3
2 Filip Kuba Stephane Robidas 40 0 2 3
Penalty Kill 4 Players Forward
Center Wing Time % Phy DF OF
1 Tyler Johnson Steve Downie 50 1 2 2
2 Rickard Wallin Rick Nash 50 1 2 2
Penalty Kill 4 Players Defense
Defense Defense Time % Phy DF OF
1 Tim Ramholt Ole-Kristian Tollefsen 50 1 2 2
2 Shea Weber Filip Kuba 50 1 2 2
Penalty Kill - 3 Players Forward
Forward Time % Phy DF OF
1 Tyler Johnson 60 1 2 2
2 Rickard Wallin 40 1 2 2
Penalty Kill - 3 Players Defense
Defense Defense Time % Phy DF OF
1 Tim Ramholt Ole-Kristian Tollefsen 50 1 2 2
2 Shea Weber Filip Kuba 50 1 2 2
4 vs 4 Forward
Center Wing Time % Phy DF OF
1 Mike Richards Rick Nash 60 1 2 2
2 Tyler Johnson Sean Bergenheim 40 1 2 2
4 vs 4 Defense
Defense Defense Time % Phy DF OF
1 Shea Weber Ole-Kristian Tollefsen 60 1 2 2
2 Stephane Robidas Filip Kuba 40 1 2 2
Last Minutes Offensive
Center Left Wing Right Wing Defense Defense
Mike Richards Rick Nash Phil Kessel Shea Weber Ole-Kristian Tollefsen
Last Minutes Defensive
Center Left Wing Right Wing Defense Defense
Tyler Johnson Rick Nash Steve Downie Shea Weber Ole-Kristian Tollefsen
Goaltenders
Starting : Michal Neuvirth
Backup : Mike McKenna
Extra Forwards
Normal : Rick Nash, Sean Bergenheim, Tomas Plekanec - PP : Steve Downie, Ales Hemsky - PK : Mike Brown
Extra Defensemen
Normal : Shea Weber, Ole-Kristian Tollefsen, Chris Campoli - PP : Chris Campoli - PK : Ole-Kristian Tollefsen, Stephane Robidas
Penalty Shots
Rick Nash, Mike Richards, Steve Downie, Shea Weber, Phil Kessel
% Time on Ice - Predators
Lines # - Real PCT - Wanted PCT - Time Play
Normal Forward
1 - 40% - 40% - 18:05
2 - 21% - 30% - 9:21
3 - 22% - 20% - 9:52
4 - 17% - 10% - 7:53
Normal Defense
1 - 42% - 40% - 19:07
2 - 32% - 30% - 14:21
3 - 20% - 20% - 9:14
4 - 5% - 10% - 2:29
PP Forward
1 - 54% - 60% - 2:52
2 - 46% - 40% - 2:25
PP Defense
1 - 59% - 60% - 3:06
2 - 41% - 40% - 2:11
PK Forward
1 - 73% - 60% - 6:18
2 - 27% - 40% - 2:17
PK Defense
1 - 65% - 60% - 5:34
2 - 35% - 40% - 3:01
PK3 Forward
1 - 0% - 60%
2 - 0% - 40%
PK3 Defense
1 - 0% - 60%
2 - 0% - 40%
44 Forward
1 - 100% - 60% - 0:45
2 - 0% - 40% - 0:00
44 Defense
1 - 100% - 60% - 0:45
2 - 0% - 40% - 0:00
Last Minute Offensive - 0:00
Last Minute Defensive - 0:12
Total
Forward - 60:00
Defense - 60:00
|
% Time on Ice - Red Wings
Lines # - Real PCT - Wanted PCT - Time Play
Normal Forward
1 - 36% - 40% - 16:20
2 - 23% - 30% - 10:16
3 - 24% - 20% - 11:03
4 - 17% - 10% - 7:37
Normal Defense
1 - 41% - 40% - 18:32
2 - 33% - 35% - 14:58
3 - 15% - 15% - 6:46
4 - 11% - 10% - 5:00
PP Forward
1 - 54% - 60% - 4:40
2 - 46% - 40% - 3:55
PP Defense
1 - 57% - 60% - 4:53
2 - 43% - 40% - 3:42
PK Forward
1 - 55% - 50% - 2:54
2 - 45% - 50% - 2:23
PK Defense
1 - 48% - 50% - 2:33
2 - 52% - 50% - 2:44
PK3 Forward
1 - 0% - 60%
2 - 0% - 40%
PK3 Defense
1 - 0% - 50%
2 - 0% - 50%
44 Forward
1 - 100% - 60% - 0:45
2 - 0% - 40% - 0:00
44 Defense
1 - 100% - 60% - 0:45
2 - 0% - 40% - 0:00
Last Minute Offensive - 0:07
Last Minute Defensive - 0:00
Total
Forward - 60:00
Defense - 60:00
|
Play by Play
1st period
0:01 of 1st period - Mike Richards wins face-off versus Frans Nielsen in neutral zone.
0:10 of 1st period - Snap shot by Alexander Ovechkin.
0:10 of 1st period - Stopped by Michal Neuvirth with a rebound.
0:12 of 1st period - Slapshot by Alexander Edler.
0:12 of 1st period - Deflect By Shea Weber.
0:12 of 1st period - Stopped by Michal Neuvirth with a rebound.
0:14 of 1st period - Slapshot by Alexander Edler.
0:14 of 1st period - Stopped by Michal Neuvirth with a rebound.
0:16 of 1st period - Slapshot by Alexander Ovechkin.
0:16 of 1st period - Shot Blocked by Ole-Kristian Tollefsen.
0:35 of 1st period - Snap shot by Byron Bitz.
0:35 of 1st period - Stopped by Michal Neuvirth without a rebound.
0:36 of 1st period - Mikael Granlund wins face-off versus Tomas Plekanec in Red Wings zone.
0:47 of 1st period - Snap shot by James Van Riemsdyk.
0:47 of 1st period - Shot Misses the Net.
1:01 of 1st period - Nate Thompson is hit by Steve Begin and loses puck.
1:55 of 1st period - Wrist shot by Tyler Johnson.
1:55 of 1st period - Shot Misses the Net.
2:25 of 1st period - Wrist shot by Rickard Wallin.
2:25 of 1st period - Shot Misses the Net.
2:27 of 1st period - Slapshot by Chris Campoli.
2:27 of 1st period - Shot Misses the Net.
2:29 of 1st period - Slapshot by Chris Campoli.
2:29 of 1st period - Shot Misses the Net.
2:45 of 1st period - Shea Weber is hit by Alexander Ovechkin.
3:33 of 1st period - Slapshot by Tomas Plekanec.
3:33 of 1st period - Stopped by Viktor Fasth without a rebound.
3:34 of 1st period - Frans Nielsen wins face-off versus Mike Richards in Predators zone.
3:34 of 1st period - Frans Nielsen is hit by Stephane Robidas.
3:45 of 1st period - Minor Penalty to Phil Kessel for Diving.
3:46 of 1st period - Tyler Johnson wins face-off versus Mikael Granlund in Red Wings zone.
3:50 of 1st period - Snap shot by Alexander Ovechkin.
3:50 of 1st period - Deflect By Niclas Bergfors.
3:50 of 1st period - Goal by Niclas Bergfors - Predators : 1 - Red Wings : 0.
3:51 of 1st period - Mike Richards wins face-off versus Ryan Kesler in neutral zone.
3:54 of 1st period - Ryan Kesler is hit by Rick Nash.
4:44 of 1st period - Snap shot by Alex Picard.
4:44 of 1st period - Shot Blocked by Shane Doan.
5:00 of 1st period - Stephane Robidas is hit by Brendan Gallagher and loses puck.
5:13 of 1st period - Snap shot by Andy Miele.
5:13 of 1st period - Stopped by Michal Neuvirth without a rebound.
5:14 of 1st period - Mike Richards wins face-off versus Frans Nielsen in Red Wings zone.
5:16 of 1st period - Minor Penalty to Shea Weber for Hooking.
5:17 of 1st period - Mikael Granlund wins face-off versus Rick Nash in Red Wings zone.
6:56 of 1st period - Rickard Wallin is hit by Ryan Mcdonagh and loses puck.
7:15 of 1st period - Mikael Granlund is hit by Tim Ramholt.
7:16 of 1st period - Penalty to Shea Weber is over, Shea Weber is back on ice.
7:33 of 1st period - Snap shot by Alex Picard.
7:33 of 1st period - Stopped by Viktor Fasth without a rebound.
7:34 of 1st period - Rick Nash wins face-off versus Andy Miele in Predators zone.
7:35 of 1st period - Snap shot by Phil Kessel.
7:35 of 1st period - Shot Misses the Net.
7:43 of 1st period - Snap shot by Brendan Gallagher.
7:43 of 1st period - Stopped by Michal Neuvirth with a rebound.
7:45 of 1st period - Slapshot by John Moore.
7:45 of 1st period - Deflect By Steve Begin.
7:45 of 1st period - Shot Misses the Net.
7:45 of 1st period - Puck is out of play.
7:46 of 1st period - Tyler Johnson wins face-off versus Ryan Kesler in Red Wings zone.
7:51 of 1st period - Snap shot by Ryan Kesler.
7:51 of 1st period - Shot Misses the Net.
8:08 of 1st period - Icing by Alexander Edler.
8:09 of 1st period - Mike Richards wins face-off versus Ryan Kesler in Predators zone.
8:23 of 1st period - Snap shot by Rick Nash.
8:23 of 1st period - Shot Misses the Net.
8:25 of 1st period - Backhand shot by Mike Richards.
8:25 of 1st period - Shot Misses the Net.
8:31 of 1st period - Minor Penalty to Alexander Edler for Roughing.
8:32 of 1st period - Ryan Kesler wins face-off versus Mike Richards in Predators zone.
8:58 of 1st period - Icing by Ole-Kristian Tollefsen.
8:59 of 1st period - Frans Nielsen wins face-off versus Mike Richards in Red Wings zone.
9:12 of 1st period - Ryan Kesler is hit by Steve Downie and loses puck.
9:21 of 1st period - Snap shot by Tyler Johnson.
9:21 of 1st period - Stopped by Viktor Fasth without a rebound.
9:22 of 1st period - Mike Richards wins face-off versus Frans Nielsen in Predators zone.
9:47 of 1st period - Filip Kuba is hit by Ryan Kesler.
9:51 of 1st period - Wrist shot by Sean Bergenheim.
9:51 of 1st period - Shot Misses the Net.
9:53 of 1st period - Snap shot by Tyler Johnson.
9:53 of 1st period - Shot Misses the Net.
9:55 of 1st period - Wrist shot by Sean Bergenheim.
9:55 of 1st period - Goal by Sean Bergenheim - Predators : 1 - Red Wings : 1.
9:56 of 1st period - Frans Nielsen wins face-off versus Mike Richards in neutral zone.
10:07 of 1st period - Snap shot by Alexander Edler.
10:07 of 1st period - Deflect By Rick Nash.
10:07 of 1st period - Stopped by Michal Neuvirth without a rebound.
10:08 of 1st period - Niclas Bergfors wins face-off versus Mike Richards in Red Wings zone.
10:33 of 1st period - Rick Nash is hit by Christian Ehrhoff and loses puck.
10:52 of 1st period - Snap shot by Rick Nash.
10:52 of 1st period - Deflect By Alexander Ovechkin.
10:52 of 1st period - Shot Misses the Net.
10:52 of 1st period - Puck is out of play.
10:53 of 1st period - Ryan Kesler wins face-off versus Tyler Johnson in Predators zone.
11:46 of 1st period - Wrist shot by James Van Riemsdyk.
11:46 of 1st period - Goal by James Van Riemsdyk - Predators : 2 - Red Wings : 1.
11:47 of 1st period - Mike Richards wins face-off versus Frans Nielsen in neutral zone.
11:50 of 1st period - Niclas Bergfors is hit by Ole-Kristian Tollefsen and loses puck.
12:19 of 1st period - Slapshot by Ole-Kristian Tollefsen.
12:19 of 1st period - Stopped by Viktor Fasth with a rebound.
13:03 of 1st period - Slapshot by Ole-Kristian Tollefsen.
13:03 of 1st period - Stopped by Viktor Fasth without a rebound.
13:04 of 1st period - Mike Richards wins face-off versus Frans Nielsen in Predators zone.
13:07 of 1st period - Wrist shot by Mike Richards.
13:07 of 1st period - Shot Misses the Net.
13:17 of 1st period - Wrist shot by Rick Nash.
13:17 of 1st period - Stopped by Viktor Fasth with a rebound.
13:31 of 1st period - Byron Bitz is hit by Tyler Johnson.
15:11 of 1st period - Snap shot by Byron Bitz.
15:11 of 1st period - Shot Misses the Net.
15:25 of 1st period - Minor Penalty to Byron Bitz for Interference.
15:26 of 1st period - Mike Richards wins face-off versus Ryan Kesler in Predators zone.
15:29 of 1st period - Snap shot by Mike Richards.
15:29 of 1st period - Shot Misses the Net.
15:31 of 1st period - Slapshot by Shea Weber.
15:31 of 1st period - Stopped by Viktor Fasth with a rebound.
15:33 of 1st period - Wrist shot by Shea Weber.
15:33 of 1st period - Shot Blocked by Ryan Mcdonagh.
15:35 of 1st period - Snap shot by Phil Kessel.
15:35 of 1st period - Shot Blocked by Alexander Edler.
15:37 of 1st period - Snap shot by Mike Richards.
15:37 of 1st period - Stopped by Viktor Fasth without a rebound.
15:38 of 1st period - Mike Richards wins face-off versus Ryan Kesler in Predators zone.
17:25 of 1st period - Penalty to Byron Bitz is over, Byron Bitz is back on ice.
18:40 of 1st period - Rickard Wallin is hit by Shane Doan and loses puck.
19:35 of 1st period - Minor Penalty to Tomas Plekanec for Boarding.
19:36 of 1st period - Mikael Granlund wins face-off versus Tyler Johnson in Red Wings zone.
19:43 of 1st period - Wrist shot by Alexander Ovechkin.
19:43 of 1st period - Shot Blocked by Tyler Johnson.
19:49 of 1st period - Wrist shot by Alexander Ovechkin.
19:49 of 1st period - Shot Misses the Net.
Goals for this period are 2 for Predators vs 1 for Red Wings.
Shots for this period are 9 for Predators vs 9 for Red Wings.
2nd period
0:01 of 2nd period - Rickard Wallin wins face-off versus Mikael Granlund in neutral zone.
0:04 of 2nd period - Wrist shot by Niclas Bergfors.
0:04 of 2nd period - Stopped by Michal Neuvirth with a rebound.
0:06 of 2nd period - Slapshot by Ryan Mcdonagh.
0:06 of 2nd period - Deflect By Alexander Ovechkin.
0:06 of 2nd period - Shot Blocked by Tim Ramholt.
0:06 of 2nd period - Puck is out of play.
0:07 of 2nd period - Rickard Wallin wins face-off versus Mikael Granlund in Red Wings zone.
1:15 of 2nd period - Tim Ramholt is hit by Christian Ehrhoff and loses puck.
1:35 of 2nd period - Penalty to Tomas Plekanec is over, Tomas Plekanec is back on ice.
1:44 of 2nd period - Snap shot by Tomas Plekanec.
1:44 of 2nd period - Stopped by Viktor Fasth without a rebound.
1:45 of 2nd period - Andy Miele wins face-off versus Alex Picard in Predators zone.
1:47 of 2nd period - Minor Penalty to Brendan Gallagher for Cross-checking.
1:48 of 2nd period - Mike Richards wins face-off versus Ryan Kesler in Predators zone.
3:47 of 2nd period - Penalty to Brendan Gallagher is over, Brendan Gallagher is back on ice.
3:56 of 2nd period - Snap shot by Alexander Edler.
3:56 of 2nd period - Shot Blocked by Filip Kuba.
4:19 of 2nd period - Wrist shot by Rickard Wallin.
4:19 of 2nd period - Stopped by Viktor Fasth without a rebound.
4:20 of 2nd period - Nate Thompson wins face-off versus Frans Nielsen in Predators zone.
5:02 of 2nd period - Wrist shot by Nate Thompson.
5:02 of 2nd period - Shot Blocked by Christian Ehrhoff.
5:04 of 2nd period - Slapshot by Rickard Wallin.
5:04 of 2nd period - Shot Misses the Net.
5:06 of 2nd period - Slapshot by Shea Weber.
5:06 of 2nd period - Shot Misses the Net.
5:08 of 2nd period - Snap shot by Rickard Wallin.
5:08 of 2nd period - Stopped by Viktor Fasth with a rebound.
5:10 of 2nd period - Slapshot by Filip Kuba.
5:10 of 2nd period - Stopped by Viktor Fasth with a rebound.
5:16 of 2nd period - Snap shot by Rickard Wallin.
5:16 of 2nd period - Deflect By Brendan Gallagher.
5:16 of 2nd period - Stopped by Viktor Fasth with a rebound.
5:33 of 2nd period - Andy Miele is hit by Nate Thompson and loses puck.
5:58 of 2nd period - Snap shot by Nate Thompson.
5:58 of 2nd period - Shot Blocked by Andy Miele.
6:02 of 2nd period - Wrist shot by Mike Brown.
6:02 of 2nd period - Shot Misses the Net.
6:04 of 2nd period - Backhand shot by Shea Weber.
6:04 of 2nd period - Stopped by Viktor Fasth with a rebound.
6:06 of 2nd period - Backhand shot by Shea Weber.
6:06 of 2nd period - Stopped by Viktor Fasth with a rebound.
6:10 of 2nd period - Backhand shot by Rickard Wallin.
6:10 of 2nd period - Stopped by Viktor Fasth without a rebound.
6:11 of 2nd period - Mike Richards wins face-off versus Frans Nielsen in Predators zone.
6:18 of 2nd period - Wrist shot by Rick Nash.
6:18 of 2nd period - Shot Misses the Net.
6:20 of 2nd period - Snap shot by Phil Kessel.
6:20 of 2nd period - Shot Blocked by Alexander Edler.
6:22 of 2nd period - Slapshot by Chris Campoli.
6:22 of 2nd period - Shot Misses the Net.
6:40 of 2nd period - Slapshot by Sean Bergenheim.
6:40 of 2nd period - Shot Misses the Net.
8:24 of 2nd period - Icing by Rick Nash.
8:25 of 2nd period - Ryan Kesler wins face-off versus Mike Richards in Red Wings zone.
8:28 of 2nd period - Snap shot by Ryan Kesler.
8:28 of 2nd period - Stopped by Michal Neuvirth with a rebound.
8:30 of 2nd period - Wrist shot by Ryan Kesler.
8:30 of 2nd period - Shot Misses the Net.
8:34 of 2nd period - Wrist shot by Ryan Kesler.
8:34 of 2nd period - Stopped by Michal Neuvirth with a rebound.
8:36 of 2nd period - Wrist shot by Byron Bitz.
8:36 of 2nd period - Stopped by Michal Neuvirth without a rebound.
8:37 of 2nd period - Tyler Johnson wins face-off versus Frans Nielsen in Red Wings zone.
8:46 of 2nd period - Wrist shot by Tyler Johnson.
8:46 of 2nd period - Shot Misses the Net.
8:48 of 2nd period - Slapshot by Chris Campoli.
8:48 of 2nd period - Stopped by Viktor Fasth without a rebound.
8:49 of 2nd period - Frans Nielsen wins face-off versus Mike Richards in Predators zone.
8:53 of 2nd period - Off-side.
8:54 of 2nd period - Frans Nielsen wins face-off versus Mike Richards in neutral zone.
9:21 of 2nd period - Slapshot by Alexander Edler.
9:21 of 2nd period - Deflect By Niclas Bergfors.
9:21 of 2nd period - Stopped by Michal Neuvirth without a rebound.
9:22 of 2nd period - Tyler Johnson wins face-off versus Ryan Kesler in Red Wings zone.
10:10 of 2nd period - Slapshot by Rick Nash.
10:10 of 2nd period - Shot Misses the Net.
10:18 of 2nd period - Frans Nielsen is hit by Mike Richards and loses puck.
11:38 of 2nd period - Off-side.
11:39 of 2nd period - Phil Kessel wins face-off versus Mikael Granlund in neutral zone.
11:42 of 2nd period - Wrist shot by Mike Richards.
11:42 of 2nd period - Stopped by Viktor Fasth without a rebound.
11:43 of 2nd period - Mikael Granlund wins face-off versus Mike Richards in Predators zone.
11:54 of 2nd period - Phil Kessel is hit by Mikael Granlund and loses puck.
11:59 of 2nd period - Snap shot by James Van Riemsdyk.
11:59 of 2nd period - Shot Blocked by Stephane Robidas.
12:01 of 2nd period - Slapshot by Mikael Granlund.
12:01 of 2nd period - Shot Misses the Net.
12:03 of 2nd period - Snap shot by Barret Jackman.
12:03 of 2nd period - Goal by Barret Jackman - Predators : 3 - Red Wings : 1.
12:04 of 2nd period - Mike Richards wins face-off versus Frans Nielsen in neutral zone.
12:30 of 2nd period - Frans Nielsen is hit by Ales Hemsky and loses puck.
12:43 of 2nd period - Wrist shot by Tomas Plekanec.
12:43 of 2nd period - Shot Misses the Net.
13:09 of 2nd period - Wrist shot by Niclas Bergfors.
13:09 of 2nd period - Shot Misses the Net.
13:11 of 2nd period - Slapshot by Ryan Mcdonagh.
13:11 of 2nd period - Stopped by Michal Neuvirth without a rebound.
13:12 of 2nd period - Mike Richards wins face-off versus Ryan Kesler in Red Wings zone.
13:20 of 2nd period - Wrist shot by Alexander Steen.
13:20 of 2nd period - Stopped by Michal Neuvirth with a rebound.
13:22 of 2nd period - Snap shot by Ryan Kesler.
13:22 of 2nd period - Stopped by Michal Neuvirth without a rebound.
13:23 of 2nd period - Mike Richards wins face-off versus Ryan Kesler in Red Wings zone.
13:28 of 2nd period - Snap shot by Mike Richards.
13:28 of 2nd period - Deflect By Ryan Kesler.
13:28 of 2nd period - Stopped by Viktor Fasth with a rebound.
13:34 of 2nd period - Wrist shot by Alexander Steen.
13:34 of 2nd period - Stopped by Michal Neuvirth without a rebound.
13:35 of 2nd period - Mike Richards wins face-off versus Ryan Kesler in Red Wings zone.
14:24 of 2nd period - Slapshot by Alexander Edler.
14:24 of 2nd period - Shot Misses the Net.
14:26 of 2nd period - Wrist shot by Alexander Ovechkin.
14:26 of 2nd period - Shot Blocked by Stephane Robidas.
15:00 of 2nd period - Andy Miele is hit by Phil Kessel and loses puck.
15:23 of 2nd period - Snap shot by Filip Kuba.
15:23 of 2nd period - Stopped by Viktor Fasth with a rebound.
15:29 of 2nd period - Snap shot by Ales Hemsky.
15:29 of 2nd period - Stopped by Viktor Fasth with a rebound.
16:53 of 2nd period - Wrist shot by Shane Doan.
16:53 of 2nd period - Shot Misses the Net.
17:05 of 2nd period - Snap shot by Niclas Bergfors.
17:05 of 2nd period - Shot Misses the Net.
17:07 of 2nd period - Slapshot by John Moore.
17:07 of 2nd period - Stopped by Michal Neuvirth with a rebound.
17:09 of 2nd period - Slapshot by John Moore.
17:09 of 2nd period - Deflect By Chris Campoli.
17:09 of 2nd period - Stopped by Michal Neuvirth with a rebound.
17:11 of 2nd period - Snap shot by Niclas Bergfors.
17:11 of 2nd period - Stopped by Michal Neuvirth with a rebound.
17:13 of 2nd period - Wrist shot by John Moore.
17:13 of 2nd period - Stopped by Michal Neuvirth with a rebound.
17:15 of 2nd period - Slapshot by John Moore.
17:15 of 2nd period - Stopped by Michal Neuvirth with a rebound.
17:17 of 2nd period - Slapshot by John Moore.
17:17 of 2nd period - Shot Misses the Net.
17:28 of 2nd period - Tim Ramholt is hit by Ryan Mcdonagh and loses puck.
17:33 of 2nd period - Slapshot by Mike Richards.
17:33 of 2nd period - Shot Misses the Net.
17:35 of 2nd period - Snap shot by Rick Nash.
17:35 of 2nd period - Goal by Rick Nash - Predators : 3 - Red Wings : 2.
17:36 of 2nd period - Frans Nielsen wins face-off versus Rick Nash in neutral zone.
18:25 of 2nd period - Snap shot by Alexander Ovechkin.
18:25 of 2nd period - Shot Blocked by Shea Weber.
19:14 of 2nd period - Minor Penalty to Phil Kessel for Tripping.
19:15 of 2nd period - Ryan Kesler wins face-off versus Tyler Johnson in Red Wings zone.
19:17 of 2nd period - Snap shot by Ryan Kesler.
19:17 of 2nd period - Shot Misses the Net.
19:19 of 2nd period - Slapshot by Barret Jackman.
19:19 of 2nd period - Stopped by Michal Neuvirth with a rebound.
19:21 of 2nd period - Snap shot by Byron Bitz.
19:21 of 2nd period - Shot Misses the Net.
19:23 of 2nd period - Slapshot by Barret Jackman.
19:23 of 2nd period - Stopped by Michal Neuvirth without a rebound.
19:24 of 2nd period - Tyler Johnson wins face-off versus Ryan Kesler in Red Wings zone.
19:24 of 2nd period - Tyler Johnson is hit by Christian Ehrhoff.
Goals for this period are 1 for Predators vs 1 for Red Wings.
Shots for this period are 17 for Predators vs 14 for Red Wings.
3rd period
0:01 of 3rd period - Mikael Granlund wins face-off versus Rickard Wallin in neutral zone.
0:15 of 3rd period - Ryan Mcdonagh is hit by Steve Downie and loses puck.
0:28 of 3rd period - Minor Penalty to Alexander Edler for Hooking.
0:29 of 3rd period - Mike Richards wins face-off versus Alexander Ovechkin in Predators zone.
1:08 of 3rd period - Ryan Mcdonagh is hit by Rick Nash.
1:14 of 3rd period - Penalty to Phil Kessel is over, Phil Kessel is back on ice.
1:29 of 3rd period - Off-side.
1:30 of 3rd period - Tyler Johnson wins face-off versus Ryan Kesler in neutral zone.
1:33 of 3rd period - Wrist shot by Steve Downie.
1:33 of 3rd period - Shot Misses the Net.
1:39 of 3rd period - Snap shot by Steve Downie.
1:39 of 3rd period - Stopped by Viktor Fasth without a rebound.
1:40 of 3rd period - Tyler Johnson wins face-off versus Ryan Kesler in Predators zone.
2:05 of 3rd period - Slapshot by Stephane Robidas.
2:05 of 3rd period - Stopped by Viktor Fasth with a rebound.
2:07 of 3rd period - Slapshot by Filip Kuba.
2:07 of 3rd period - Stopped by Viktor Fasth with a rebound.
2:09 of 3rd period - Snap shot by Rick Nash.
2:09 of 3rd period - Stopped by Viktor Fasth with a rebound.
2:11 of 3rd period - Snap shot by Mike Richards.
2:11 of 3rd period - Stopped by Viktor Fasth without a rebound.
2:12 of 3rd period - Phil Kessel wins face-off versus Frans Nielsen in Predators zone.
2:28 of 3rd period - Penalty to Alexander Edler is over, Alexander Edler is back on ice.
3:31 of 3rd period - Snap shot by Alexander Edler.
3:31 of 3rd period - Stopped by Michal Neuvirth with a rebound.
4:43 of 3rd period - Icing by Christian Ehrhoff.
4:44 of 3rd period - Ryan Kesler wins face-off versus Tyler Johnson in Predators zone.
4:49 of 3rd period - Snap shot by Steve Downie.
4:49 of 3rd period - Shot Misses the Net.
5:12 of 3rd period - Off-side.
5:13 of 3rd period - Niclas Bergfors wins face-off versus Tomas Plekanec in neutral zone.
5:50 of 3rd period - Slapshot by Frans Nielsen.
5:50 of 3rd period - Shot Misses the Net.
5:52 of 3rd period - Slapshot by Barret Jackman.
5:52 of 3rd period - Deflect By Frans Nielsen.
5:52 of 3rd period - Stopped by Michal Neuvirth with a rebound.
6:08 of 3rd period - Slapshot by Tomas Plekanec.
6:08 of 3rd period - Stopped by Viktor Fasth without a rebound.
6:09 of 3rd period - Mikael Granlund wins face-off versus Steve Downie in Predators zone.
6:35 of 3rd period - Stephane Robidas is hit by Barret Jackman and loses puck.
11:32 of 3rd period - Shane Doan is hit by Alex Picard and loses puck.
12:48 of 3rd period - Icing by Chris Campoli.
12:49 of 3rd period - Mike Richards wins face-off versus Mikael Granlund in Red Wings zone.
12:49 of 3rd period - Mike Richards is hit by Christian Ehrhoff.
12:57 of 3rd period - Snap shot by Tyler Johnson.
12:57 of 3rd period - Shot Blocked by Christian Ehrhoff.
14:12 of 3rd period - Wrist shot by Tyler Johnson.
14:12 of 3rd period - Stopped by Viktor Fasth with a rebound.
14:14 of 3rd period - Wrist shot by Tyler Johnson.
14:14 of 3rd period - Stopped by Viktor Fasth without a rebound.
14:15 of 3rd period - Byron Bitz wins face-off versus Ales Hemsky in Predators zone.
14:15 of 3rd period - Byron Bitz is hit by Filip Kuba.
14:51 of 3rd period - Snap shot by Phil Kessel.
14:51 of 3rd period - Shot Misses the Net.
15:27 of 3rd period - Steve Begin is hit by Rickard Wallin and loses puck.
16:24 of 3rd period - Snap shot by James Van Riemsdyk.
16:24 of 3rd period - Shot Misses the Net.
16:26 of 3rd period - Wrist shot by Mikael Granlund.
16:26 of 3rd period - Goal by Mikael Granlund - Predators : 4 - Red Wings : 2.
16:27 of 3rd period - Mikael Granlund wins face-off versus Tomas Plekanec in neutral zone.
17:04 of 3rd period - Snap shot by Alexander Ovechkin.
17:04 of 3rd period - Stopped by Michal Neuvirth without a rebound.
17:05 of 3rd period - Tomas Plekanec wins face-off versus Ryan Kesler in Red Wings zone.
17:10 of 3rd period - Wrist shot by Ales Hemsky.
17:10 of 3rd period - Shot Blocked by Ryan Kesler.
17:12 of 3rd period - Wrist shot by Alex Picard.
17:12 of 3rd period - Goal by Alex Picard - Predators : 4 - Red Wings : 3.
17:13 of 3rd period - Mikael Granlund wins face-off versus Alex Picard in neutral zone.
17:21 of 3rd period - Filip Kuba is hit by Alexander Edler and loses puck.
17:46 of 3rd period - Minor Penalty to John Moore for Interference.
17:47 of 3rd period - Byron Bitz wins face-off versus Mike Richards in Predators zone.
17:47 of 3rd period - Byron Bitz is hit by Shea Weber.
18:26 of 3rd period - Wrist shot by Sean Bergenheim.
18:26 of 3rd period - Stopped by Viktor Fasth without a rebound.
18:27 of 3rd period - Ryan Kesler wins face-off versus Mike Richards in Predators zone.
19:07 of 3rd period - Red Wings, Michal Neuvirth is pulled from the net.
19:40 of 3rd period - Christian Ehrhoff is hit by Sean Bergenheim and loses puck.
19:46 of 3rd period - Penalty to John Moore is over, John Moore is back on ice.
19:59 of 3rd period - Snap shot by Rick Nash.
19:59 of 3rd period - Stopped by Viktor Fasth without a rebound.
Goals for this period are 1 for Predators vs 1 for Red Wings.
Shots for this period are 4 for Predators vs 11 for Red Wings.
Back to the Top